 Dungeon Crawl Stone Soup version 0.29.1-4-g47bece8355 (webtiles) character file.

Game seed: 6609431856682450718

26763 MacCMillion the Transmogrifier (level 13, -6/108 HPs)
             Began as an Octopode Transmuter on Dec 9, 2022.
             Was an Initiate of Gozag.
             Shot with an arrow by Nessos (16 damage)
             ... on level 3 of the Lair of Beasts.
             The game lasted 00:55:30 (21246 turns).

MacCMillion the Transmogrifier (OpTm)              Turns: 21246, Time: 00:55:31

Health: -6/108     AC: 11    Str: 19    XL:     13   Next: 28%
Magic:  13/17      EV: 14    Int: 19    God:    Gozag
Gold:   1578       SH:  5    Dex: 14    Spells: 7/18 levels left

rFire   + + .      SeeInvis .     - Unarmed
rCold   + + +      Faith    .   (shield currently unavailable)
rNeg    . . .      Spirit   .   (helmet currently unavailable)
rPois   +          Reflect  +   j - amulet of reflection
rElec   .          Harm     .   f - +6 ring of strength
rCorr   .          Rampage  .   x - ring of protection from fire
Will    .....                   h - ring of Iskaus {Contam Fly rF++ rC+ Str+4}
Stlth   +.........              (no ring)
HPRegen 0.28/turn               (no ring)
MPRegen 0.15/turn               (no ring)
                                (no ring)
                                (no ring)

@: lethally poisoned (-6 -> -20), ice-form, flying
A: freezing attack, boosted hp, almost no armour, amphibious, 8 rings, large,
(camouflage 1), (gelatinous body 1), (nimble swimmer 1), (tentacles)
a: End Transformation, Renounce Religion, Potion Petition, Call Merchant, Bribe
Branch


You were on level 3 of the Lair of Beasts.
You worshipped Gozag.
Gozag was most pleased with you.
You were a creature of crystalline ice.
You visited 3 branches of the dungeon, and saw 14 of its levels.
You also visited: Bailey.

You collected 1705 gold pieces.
You paid 127 gold pieces to Gozag.

Inventory:

Missiles
 c - 18 poisoned darts
 k - 4 curare-tipped darts
 n - 2 throwing nets
Magical Staves
 y - a staff of cold (melded)
Jewellery
 f - a +6 ring of strength (left front paw)
 h - the ring of Iskaus (on tentacle) {Contam Fly rF++ rC+ Str+4}
   (You acquired it on level 9 of the Dungeon)

   [ring of flight]

   Str:       It affects your strength (+4).
   rF:        It greatly protects you from fire.
   rC:        It protects you from cold.
   Fly:       It grants you flight.
   Contam:    It causes magical contamination when unequipped.
 j - an amulet of reflection (around neck)
 x - a ring of protection from fire (right front paw)
Wands
 g - a wand of flame (7)
 r - a wand of charming (12)
 w - a wand of light (12)
 G - a wand of digging (6)
Scrolls
 a - 3 scrolls of teleportation
 b - 2 scrolls of butterflies
 e - 2 scrolls of torment
 m - a scroll of poison
 o - a scroll of fear
 p - a scroll of amnesia
 s - a scroll of silence
 t - 3 scrolls of enchant weapon
 u - a scroll of enchant armour
 D - a scroll of brand weapon
Potions
 d - 2 potions of brilliance
 i - a potion of cancellation
 l - 3 potions of heal wounds
 q - 3 potions of flight
 v - 3 potions of degeneration
 z - 2 potions of mutation
 A - a potion of lignification
 B - 6 potions of curing
 C - a potion of ambrosia {unknown}
 F - 2 potions of berserk rage
 H - 2 potions of attraction {unknown}
 I - 2 potions of invisibility {unknown}
Miscellaneous
 E - a condenser vane


   Skills:
 + Level 9.3 Fighting
 + Level 9.5 Dodging
 + Level 10.9 Unarmed Combat
 + Level 3.2 Spellcasting
 + Level 11.6 Transmutations
 - Level 5.0 Ice Magic
 - Level 8.0 Air Magic


You had 7 spell levels left.
You knew the following spells:

 Your Spells              Type           Power      Damage    Failure   Level
a - Swiftness             Air            33%        N/A       1%          3
b - Ice Form              Ice/Tmut       34%        N/A       4%          4
c - Airstrike             Air            16%        2d(3-19)  5%          4

Your spell library contained the following spells:

 Spells                   Type           Power      Damage    Failure   Level
 Beastly Appendage        Tmut           94%        N/A       1%          1
 Wereblood                Tmut           47%        N/A       1%          2
 Shock                    Conj/Air       72%        1d7       3%          1
 Blade Hands              Tmut           23%        N/A       3%          5
 Spider Form              Tmut/Pois      25%        N/A       4%          3
 Necrotise                Necr           12%        1d4       16%         1
 Sublimation of Blood     Necr           3%         N/A       22%         2
 Gell's Gravitas          Tloc           3%         N/A       41%         3
 Lesser Beckoning         Tloc           3%         N/A       41%         3
 Portal Projectile        Hex/Tloc       6%         N/A       41%         3
 Teleport Other           Tloc           3%         N/A       41%         3
 Tukima's Dance           Hex            3%         N/A       41%         3
 Vampiric Draining        Necr           3%         2d6       41%         3
 Hailstorm                Conj/Ice       12%        3d5       47%         4
 Anguish                  Hex/Necr       1%         N/A       83%         4
 Eringya's Noxious Bog    Tmut/Pois      12%        N/A       91%         6
 Agony                    Necr           3%         N/A       99%         5
 Summon Forest            Summ/Tloc      1%         N/A       99%         5
 Enfeeble                 Hex            1%         N/A       100%        7
 Summon Hydra             Summ           1%         N/A       100%        7
 Simulacrum               Ice/Necr       Unusable   N/A       N/A         6

Dungeon Overview and Level Annotations

Branches:
Dungeon (10/15)            Temple (1/1) D:5            Lair (3/5) D:8
 Spider (0/4) Lair:2          Orc (0/2) D:9          Bailey (visited)
  Swamp: Lair:2-3    Shoals: Lair:2-3

Altars:
Ashenzari
Cheibriados
Dithmenos
Elyvilon
Fedhas
Gozag
Hepliaklqana
Kikubaaqudgha
Makhleb
Okawaru
Qazlal
Ru
Sif Muna
Trog
Uskayaw
Vehumet
Wu Jian
Xom
Yredelemnul
Zin
The Shining One

Shops:
D:6 [   D:9 [

Annotations:
D:5 Sigmund
D:7 1 runed translucent door, PlovVkusni's ghost, novice TeGl
D:9 two headed ogre
Lair:2 exclusion: oklob plant
Lair:3 Nessos


Innate Abilities, Weirdness & Mutations

You are a creature of crystalline ice.
You have a powerful freezing melee attack.
Your maximum health is increased.
Your armour is entirely melded.
You are incapable of wielding weapons or throwing items.
You cannot wear most types of armour.
You are amphibious.
You can wear up to eight rings at the same time.
((Your skin changes colour to match your surroundings (Stealth+).))
((Your rubbery body absorbs attacks. (AC +1, EV +1)))
((You are camouflaged when in or above water. (Stealth+)))
((You have tentacles for arms and can constrict up to eight enemies at once.))


Message History

The catoblepas attacks as you move away!
The catoblepas misses you.
Nessos is distracted by your dazzling golden aura.
As you read the scroll of teleportation, it crumbles to dust.
You feel strangely unstable. The catoblepas gores you!!
Nessos shouts!
Your magical contamination has completely faded away.
You pummel the catoblepas!! You freeze the catoblepas!
The catoblepas is heavily wounded.
The catoblepas gores you!
You hit the catoblepas but do no damage.
The catoblepas is heavily wounded.
The catoblepas barely misses you.
You pummel the catoblepas!! You freeze the catoblepas!
The catoblepas is almost dead.
Nessos is no longer distracted by gold.
You pummel the catoblepas!! You freeze the catoblepas.
You kill the catoblepas!
Your surroundings suddenly seem different.
Nessos shouts!
Nessos wields a +3 longbow of flaming.
It bursts into flame!
Nessos shoots an arrow.
The arrow closely misses you.
Nessos stands on their hind legs for a moment.
Nessos mumbles some strange words.
Nessos blinks!
Nessos shoots an arrow.
The arrow hits you!
* * * LOW HITPOINT WARNING * * *
The arrow melts you.
You are poisoned.
* * * LOW HITPOINT WARNING * * *
Nessos says, "I'll learn you. I'll learn you yet!"
Nessos shoots an arrow.
The arrow hits you!
* * * LOW HITPOINT WARNING * * *
The arrow melts you.
* * * LOW HITPOINT WARNING * * *
* * * LOW HITPOINT WARNING * * *
You feel very sick.
Nessos shoots an arrow.
The arrow hits you!
You die...
Your body crumbles into a pile of gold.

.................~~~)..?
.....c...........$......~~≈..∩:
........................~~~.../
........................~~≈...$
..........c...........~~$...$
....(................~~~.$.8
#P.....P.....#......~~~~...
#.P....#....#####..#~~$.?..
##$......Y.# ##.##~≈~~..
#..$..#..^.# ##P~~≈$..
##.......### #P~~$~..
##).....## ##~~~~.. #.......#
#~~~~.. ##.....### ##~~~..
###......##### #~~~..
####..........#.# ##~≈~.
##.......##....[# #~~≈$


You could see Nessos (fast).

Vanquished Creatures
  3 hydras (Lair:2)
  A boulder beetle (Lair:1)
  A catoblepas (Lair:3)
  A death yak (Lair:2)
  A bog body (Lair:3)
  6 elephants (Lair:2)
  Joseph (D:7)
  A black mamba (Lair:1)
  An ice statue (Lair:3)
  Psyche (D:9)
  3 cane toads
  2 rime drakes (Lair:3)
  3 komodo dragons
  An ice devil (Lair:3)
  A troll (D:8)
  3 polar bears (Lair:3)
  13 blink frogs
  A jumping spider (Lair:2)
  5 wyverns
  7 yaks
  A basilisk (Lair:2)
  A steam dragon (D:8)
  An acid dragon (D:8)
  2 swamp worms (D:9)
  5 water moccasins
  3 ice beasts
  10 orc warriors
  2 sky beasts (D:6)
  3 black bears
  An ogre (D:5)
  2 centaurs (D:9)
  10 wolves
  3 kobold brigands
  6 bullfrogs
  A phantom (D:6)
  4 scorpions
  A gnoll sergeant (D:8)
  2 two-headed ogre simulacra (Lair:3)
  4 wights (D:4)
  18 killer bees
  An elephant simulacrum (Lair:3)
  2 electric eels (D:8)
  9 hounds
  3 jellies
  A gnoll bouda (D:6)
  6 orc priests
  3 iguanas
  A polar bear simulacrum (Lair:3)
  4 orc wizards
  A troll simulacrum (Lair:3)
  20 gnolls
  7 adders
  A naga simulacrum (Lair:3)
  4 white imps
  3 ufetubi
  4 worms
  3 dart slugs
  57 orcs
  5 endoplasms
  3 giant cockroaches
  14 goblins
  3 hobgoblins
  12 jackals
  19 kobolds
  5 quokkas
  6 ball pythons
  9 bats
  2 frilled lizards (D:1)
  2 rats
346 creatures vanquished.

Vanquished Creatures (others)
  26 fungi
  33 plants
59 creatures vanquished.

Grand Total: 405 creatures vanquished

Notes
Turn   | Place    | Note
-------+----------+-------------------------------------------
     0 | D:1      | MacCMillion the Octopode Transmuter began the quest for the
                  | Orb.
     0 | D:1      | Reached XP level 1. HP: 13/13 MP: 3/3
   129 | D:1      | Reached XP level 2. HP: 14/18 MP: 5/5
   255 | D:1      | Reached skill level 1 in Ice Magic
   817 | D:1      | Reached XP level 3. HP: 23/23 MP: 4/6
  1295 | D:1      | Found a faded altar of an unknown god.
  1723 | D:2      | Reached skill level 3 in Transmutations
  1723 | D:2      | Reached XP level 4. HP: 17/28 MP: 5/7
  1872 | D:2      | Learned a level 4 spell: Ice Form
  2387 | D:2      | Found a white marble altar of Elyvilon.
  2463 | D:2      | Became a worshipper of Elyvilon the Healer
  3017 | D:3      | Reached XP level 5. HP: 33/33 MP: 6/8
  3201 | D:3      | Found a glowing golden altar of the Shining One.
  3676 | D:3      | Reached XP level 6. HP: 15/38 MP: 9/9
  4226 | D:3      | Reached skill level 4 in Transmutations
  4297 | D:3      | You fall into a shaft and drop 3 floors!
  4300 | D:6      | Noticed a sky beast
  4309 | D:6      | Noticed a sky beast
  4315 | D:5      | Entered Level 5 of the Dungeon
  4317 | D:5      | Noticed an ice beast
  4336 | D:5      | Killed an ice beast
  4344 | D:5      | Reached skill level 5 in Unarmed Combat
  4350 | D:5      | Reached XP level 7. HP: 27/43 MP: 10/10
  4816 | D:5      | Noticed Sigmund
  4974 | D:6      | Reached skill level 5 in Transmutations
  5156 | D:4      | Reached * piety under Elyvilon
  5285 | D:4      | Found a white marble altar of Elyvilon.
  5547 | D:4      | Found a snail-covered altar of Cheibriados.
  5591 | D:4      | Identified the +1 chain mail "Ceeliuza" {*Corrode rPois
                  | rC+}
  6424 | D:3      | Reached ** piety under Elyvilon
  6534 | D:3      | Reached skill level 5 in Ice Magic
  6815 | D:4      | Reached skill level 6 in Transmutations
  6815 | D:4      | Reached XP level 8. HP: 48/48 MP: 3/11
  7393 | D:4      | Found a hazy altar of Hepliaklqana.
  7398 | D:4      | Found a glowing silver altar of Zin.
  7771 | D:4      | Identified the +6 war axe "Badwig" {vamp, *Rage rElec rPois
                  | Will+++}
  7862 | D:4      | Found a shimmering blue altar of Sif Muna.
  7865 | D:4      | Reached skill level 7 in Transmutations
  8874 | D:5      | Found a staircase to the Ecumenical Temple.
  9205 | Temple   | Entered the Ecumenical Temple
  9612 | D:6      | Reached XP level 9. HP: 38/55 MP: 12/12
  9749 | D:6      | Found Lifyanwaukk's Armour Emporium.
 10024 | D:6      | Reached *** piety under Elyvilon
 10032 | D:6      | Found an ancient bone altar of Kikubaaqudgha.
 10509 | D:7      | Found a runed translucent door.
 10509 | D:7      | Noticed PlovVkusni's ghost (novice TeGl)
 10510 | D:7      | Noticed a tengu conjurer
 10515 | D:7      | Noticed Joseph
 10756 | D:7      | Killed Joseph
 10757 | D:7      | Reached skill level 8 in Transmutations
 11669 | D:7      | Found an opulent altar of Gozag.
 11778 | D:7      | Fell from the grace of Elyvilon
 11778 | D:7      | Became a worshipper of Gozag Ym Sagoz the Greedy
 11921 | D:8      | Noticed a troll
 11929 | D:8      | Killed a troll
 11930 | D:8      | Reached skill level 5 in Dodging
 11974 | D:8      | Reached XP level 10. HP: 65/65 MP: 9/13
 12029 | D:8      | Reached skill level 5 in Fighting
 12218 | D:8      | Found a staircase to the Lair.
 12257 | D:8      | Found a flagged portal.
 12311 | Bailey   | Entered a bailey
 12702 | Bailey   | Reached skill level 9 in Transmutations
 12968 | Bailey   | Noticed an orc knight
 13105 | D:8      | Reached skill level 10 in Transmutations
 13105 | D:8      | Reached XP level 11. HP: 75/75 MP: 14/14
 13688 | D:8      | Found a shadowy altar of Dithmenos.
 13691 | D:8      | Found a broken altar of Ashenzari.
 14741 | D:9      | Learned a level 3 spell: Swiftness
 14747 | D:9      | Noticed a two-headed ogre
 14755 | D:9      | Noticed Psyche
 14764 | D:9      | Killed Psyche
 14765 | D:9      | Reached skill level 1 in Air Magic
 14976 | D:9      | Identified a scroll of acquirement
 14977 | D:9      | Acquired the ring of Iskaus {Contam Fly rF++ rC+ Str+4}
 15131 | D:9      | Found a staircase to the Orcish Mines.
 15160 | D:9      | Found Zuod Ubb's Armour Shop.
 15400 | D:10     | Entered Level 10 of the Dungeon
 15451 | D:10     | Noticed a two-headed ogre
 15524 | Lair:1   | Entered Level 1 of the Lair of Beasts
 15612 | Lair:1   | Learned a level 4 spell: Airstrike
 16151 | Lair:1   | Noticed a boulder beetle
 16191 | Lair:1   | Killed a boulder beetle
 16192 | Lair:1   | Reached skill level 5 in Air Magic
 16192 | Lair:1   | Reached XP level 12. HP: 46/82 MP: 3/15
 16669 | Lair:1   | Found a broken altar of Ashenzari.
 17367 | Lair:1   | Identified the +11 short sword "Tomoff" {distort, Str+7}
 18212 | Lair:2   | Reached skill level 10 in Unarmed Combat
 18687 | Lair:2   | Reached skill level 11 in Transmutations
 18730 | Lair:2   | Noticed a four-headed hydra
 18862 | Lair:2   | Killed a four-headed hydra
 19209 | Lair:2   | Noticed a four-headed hydra
 19226 | Lair:2   | Killed a four-headed hydra
 19505 | Lair:2   | Found a hole to the Spider Nest.
 19512 | Lair:2   | Noticed a four-headed hydra
 19526 | Lair:2   | Killed a four-headed hydra
 19638 | Lair:2   | Found the +1 robe of Vines {NoPotionHeal Regen++++}
 20222 | Lair:3   | Noticed a death yak
 20253 | Lair:2   | Killed a death yak
 20254 | Lair:2   | Reached XP level 13. HP: 88/90 MP: 12/16
 21213 | Lair:3   | Noticed Nessos
 21246 | Lair:3   | Shot with an arrow by Nessos

Illustrated notes

Levels and vault maps discovered:
D:1:      lightli_arrival_quake, layout_loops_cross,
          dilly_ecumenical_altar_fadedgnrine, st_stairs_12,
          ebering_dispersal_statue_hall
D:2:      minmay_chambers_of_twos, layout_basic, basic_altar
D:3:      layout_basic, old_standard_altar, nicolae_grassy_gnolls
D:4:      layout_basic, kennysheep_orc_sif_temple, lemuel_doored_altar,
          kennysheep_mini, minitemple
D:5:      layout_basic, temple_hall, uniq_sigmund
D:6:      layout_rooms, lemuel_tele_altar, serial_shops, kennysheep_little_box
D:7:      layout_loops_cross, grunt_gozag_breadcrumbs,
          ebering_ghost_inner_flame, uniq_joseph
D:8:      layout_gridville, chequers_temple_overflow_statue_of_worship,
          erik_lair_island, enter_bailey_2
D:9:      layout_rooms, serial_shops, shop, worms_lemuel, uniq_psyche
D:10:     minmay_the_grid_octo_tiled_squarecenter
          [minmay_the_grid_octo_tetromino_candy, minmay_the_grid_octo_pinwheel,
          minmay_the_grid_octo_empty, minmay_the_grid_octo_empty,
          minmay_the_grid_square_5x5_megaprize_checkered,
          minmay_the_grid_square_5x5_two_walls_b,
          minmay_the_grid_square_5x5_three_small,
          minmay_the_grid_square_5x5_inverted_slash,
          minmay_the_grid_square_5x5_misaligned], layout_rooms,
          nemelex_diamond_rough_becter
Temple:   minmay_temple_curvy_loop
Lair:1:   layout_small_grid, basic_altar, grunt_megastairs_5
Lair:2:   layout_concentric_octagons, spider_nest_entry_a,
          hellmonk_guarded_unrand_vines
Lair:3:   dreamdust_isle_of_ice, layout_hall_layers,
          minmay_shoals_entry_lonely_mermaid, lemuel_fruit_fields, uniq_nessos

Skill      XL: |  1  2  3  4  5  6  7  8  9 10 11 12 13 |
---------------+----------------------------------------+-----
Ice Magic      | 1 2 3 5 |  5.0
Transmutations | 3 4 6 7 8 10 11 | 11.6
Unarmed Combat | 4 5 6 7 9 10 | 10.9
Fighting       | 2 4 7 9 |  9.3
Dodging        | 3 5 7 8 9 |  9.5
Air Magic      | 5 8 |  8.0
Spellcasting   | 3 |  3.2

Action                   |  1- 3 |  4- 6 |  7- 9 | 10-12 | 13-15 || total
-------------------------+-------+-------+-------+-------+-------++-------
Melee: Unarmed           |    82 |   102 |   261 |   405 |    79 ||   929
       Kick              |    32 |    24 |    12 |       |       ||    68
       Constrict         |    23 |    26 |    15 |       |       ||    64
       Tentacles         |    11 |    16 |    11 |       |       ||    38
       Punch             |     3 |     1 |     2 |       |       ||     6
Throw: Dart              |       |     4 |       |       |       ||     4
 Cast: Beastly Appendage |    26 |    22 |    13 |       |       ||    61
       Ice Form          |       |       |    48 |    57 |     8 ||   113
       Airstrike         |       |       |       |    13 |     2 ||    15
Evoke: Wand              |       |       |       |     4 |     9 ||    13
  Use: Scroll            |       |     2 |     6 |    11 |     2 ||    21
       Potion            |       |     1 |     3 |     1 |       ||     5
 Stab: Sleeping          |     4 |     2 |       |       |       ||     6
       Distracted        |       |       |       |     1 |       ||     1
Armor: Skin              |     5 |    21 |    44 |    95 |    22 ||   187
Dodge: Dodged            |    47 |    57 |    74 |   206 |    45 ||   429
Block: Other             |       |     9 |    33 |    69 |    15 ||   126
       Reflection        |       |       |     2 |    10 |       ||    12
